 Dungeon Crawl Stone Soup version 0.30.1 (webtiles) character file.

Game seed: 4911475928673034069

3059 shmup the Arsonist (level 9, -2/51 HPs)
             Began as a Tengu Fire Elementalist on July 12, 2023.
             Was a Believer of Sif Muna.
             Slain by a sun demon (11 damage)
             ... summoned by a kobold demonologist
             ... in a bailey.
             The game lasted 00:34:17 (8461 turns).

shmup the Arsonist (Tengu Fire Elementalist)        Turns: 8461, Time: 00:34:18

Health: -2/51      AC:  3    Str:  9    XL:     9   Next: 87%
Magic:  6/17       EV: 17    Int: 19    God:    Sif Muna [**....]
Gold:   440        SH:  0    Dex: 15    Spells: 11/18 levels left

rFire   . . .        b - +0 short sword (freeze)
rCold   x . .        (no shield)
rNeg    . . .        i - +0 robe
rPois   +            (helmet restricted)
rElec   +            (no cloak)
rCorr   .            c - +0 pair of gloves
SInv    +            (boots unavailable)
Will    .....        (no amulet)
Stlth   +++          x - ring of New Discoveries {rElec rC- Slay+3 SInv}
HPRegen 0.28/turn    B - ring of poison resistance
MPRegen 0.15/turn

%: no passive effects
@: flying quickly and evasively, quick
A: beak, talons 3, nimble flight
a: Renounce Religion, Channel Magic


You were in a bailey.
You worshipped Sif Muna.
Sif Muna was pleased with you.
You visited 2 branches of the dungeon, and saw 9 of its levels.
You also visited: Bailey.

You collected 440 gold pieces.

Inventory:

Hand Weapons
 a - a +1 dagger of venom
 b - a +0 short sword of freezing (weapon)
 m - a +1 dagger of draining
 I - a +1 dagger of protection
 J - a +2 halberd of freezing
Missiles
 f - 14 stones (quivered)
 l - 9 poisoned darts
 r - 11 boomerangs
Armour
 c - a +0 pair of gloves (worn)
 i - a +0 robe (worn)
Jewellery
 x - the ring of New Discoveries (left hand) {rElec rC- Slay+3 SInv}
   (You found it on level 5 of the Dungeon)

   [ring of see invisible]

   Slay:      It affects your accuracy & damage with ranged weapons and melee
   (+3).
   rC:        It makes you vulnerable to cold.
   rElec:     It insulates you from electricity.
   SInv:      It lets you see invisible.
 B - a ring of poison resistance (right hand)
 C - a +4 ring of protection
Wands
 v - a wand of quicksilver (24)
Scrolls
 e - 2 scrolls of immolation {unknown}
 k - 2 scrolls of teleportation
 n - a scroll of enchant armour {unknown}
 p - a scroll of amnesia {unknown}
 t - a scroll of silence {unknown}
 y - a scroll of fog {unknown}
 A - a scroll of magic mapping {unknown}
 E - 2 scrolls of torment {unknown}
 G - a scroll of enchant weapon {unknown}
Potions
 d - 3 potions of flight
 g - 3 potions of curing
 h - 3 potions of haste
 j - a potion of magic
 o - 3 potions of lignification
 q - 3 potions of might
 s - 2 potions of degeneration
 u - 2 potions of mutation
 w - a potion of attraction
 z - a potion of brilliance {unknown}
 F - a potion of ambrosia {unknown}
 H - a potion of heal wounds


   Skills:
 + Level 3.6 Fighting
 + Level 6.0 Dodging
 + Level 5.8 Stealth
 + Level 5.0 Spellcasting
 + Level 6.5 Conjurations
 + Level 1.3 Hexes
 * Level 8.6 Fire Magic
 + Level 2.5 Air Magic


You had 11 spell levels left.
You knew the following spells:

 Your Spells              Type           Power      Damage    Failure   Level
a - Foxfire               Conj/Fire      100%       2x1d9     1%          1
b - Scorch                Fire           74%        2d8       1%          2
c - Inner Flame           Hex/Fire       23%        N/A       4%          3
d - Shock                 Conj/Air       88%        1d8       1%          1

Your spell library contained the following spells:

 Spells                   Type           Power      Damage    Failure   Level
 Flame Wave               Conj/Fire      33%        2d10      5%          4
 Volatile Blastmotes      Fire/Tloc      42%        2d13      6%          3
 Swiftness                Air            14%        N/A       13%         3
 Sublimation of Blood     Necr           4%         N/A       19%         2
 Wereblood                Tmut           4%         N/A       19%         2
 Airstrike                Air            7%         2d(1-17)  38%         4
 Summon Hydra             Summ           2%         N/A       100%        7


Dungeon Overview and Level Annotations

Branches:
Dungeon (8/15)             Temple (1/1) D:4          Bailey (1/1)
   Lair: D:8-11

Altars:
Ashenzari
Dithmenos
Elyvilon
Fedhas
Gozag
Kikubaaqudgha
Nemelex Xobeh
Okawaru
Qazlal
Ru
Sif Muna
Trog
Uskayaw
Vehumet
Wu Jian
Xom
Zin
The Shining One

Shops:
D:2 [   D:6 *

Annotations:
D:2 Sigmund
D:5 exclusion: downstairs
D:7 exclusion: downstairs


Innate Abilities, Weirdness & Mutations

You have a beak for a mouth.
You have claws for feet.
Your magical nature lets you fly swiftly and evasively.


Message History

The sun demon misses you.
Casting: Scorch (safe; 1% risk of failure)
Confirm with . or Enter, or press ? or * to list all spells.
Flames lash the sun demon.
The sun demon completely resists.
The sun demon closely misses you.
The kobold demonologist gestures wildly while chanting.
Casting: Scorch (safe; 1% risk of failure)
Confirm with . or Enter, or press ? or * to list all spells.
Flames lash the shadow imp.
The shadow imp is moderately wounded.
The shadow imp's fire resistance burns away.
The sun demon closely misses you.
The kobold demonologist mumbles some strange words.
The crimson imp closely misses you.
Unknown command.
Casting: Scorch (safe; 1% risk of failure)
Confirm with . or Enter, or press ? or * to list all spells.
Flames lash the neqoxec.
The neqoxec is lightly wounded.
The neqoxec's fire resistance burns away.
The sun demon barely misses you. The orc warrior misses you.
The sun demon closely misses you.
The neqoxec is engulfed in a cloud of scalding steam.
The crimson imp hits you.
The orc warrior hits you with a +0 broad axe.
The sun demon attacks as you move away! The sun demon hits you!!
Ouch! That really hurt!
* * * LOW HITPOINT WARNING * * *
You are engulfed in flames!
* * * LOW HITPOINT WARNING * * *
The shadow imp is no longer more vulnerable to fire.
The sun demon attacks as you move away! The sun demon misses you.
The neqoxec gestures at you.
Something tries to feed on your intellect!
The neqoxec is no longer more vulnerable to fire.
The iron imp shouts, "Quit, thou hateful saucy zombie-fodder!"
The sun demon attacks as you move away! The sun demon misses you.
The sun demon attacks as you move away! The sun demon closely misses you.
The sun demon attacks as you move away! The sun demon hits you!
You die...

▒▒▒▒▒▒▒▒▒▒▒▒▒▒▒▒▒
~~~~~~~~~~~~~~~~~~~~~~~~~▒
~~~~~~~~~~~~~~~~~~~~~~~~~▒
~~~~~~~~~~~~~~~~~~~~~~~~~▒
~~~~~~~~~~~~~~~~Q~~~~~~~~▒
~~~~~~~~~~~~~~~~3~~~~~~~~▒
~~~~~~~~~~~~~~~~~~~~~~~~~▒
~~~~~~~~~~~~~~~~~~5~~~~~~▒
~~~~~~~~~~~~~~~~~~~~~~~~~▒
▒~~~~~~~~~~~~~▒▒▒▒▒▒3~~~~▒
+.............+ ▒~~~~~▒
▒▒▒▒▒▒▒▒▒▒▒▒▒▒▒. ▒~~~~~▒
+.. ▒~~~~~▒


You could see a sun demon (summoned), a neqoxec (summoned) and a crimson imp
(summoned).

Vanquished Creatures
  An unseen horror (D:8)
  A water moccasin (D:6)
  A black bear (D:5)
  3 orc warriors
  An ice beast (D:7)
  2 sky beasts
  An ogre (D:5)
  3 centaurs
  A phantom (D:4)
  2 bullfrogs
  6 scorpions
  4 wights (D:7)
  3 electric eels (Bailey)
  A howler monkey (D:6)
  2 hounds
  3 orc priests
  2 gnoll boudas
  2 jellies
  A sleepcap (D:7)
  Natasha (twice) (D:3)
  Terence (D:3)
  7 orc wizards
  8 gnolls
  2 adders
  2 shadow imps
  A white imp (D:5)
  An ufetubus (D:4)
  2 worms
  21 orcs
  6 bats
  5 endoplasms
  3 giant cockroaches
  9 goblins
  4 hobgoblins
  4 jackals (D:4)
  3 quokkas
  8 ball pythons
  14 kobolds
  8 rats
151 creatures vanquished.

Vanquished Creatures (others)
  307 foxfires
307 creatures vanquished.

Grand Total: 458 creatures vanquished

Notes
Turn   | Place    | Note
-------+----------+-------------------------------------------
     0 | D:1      | shmup the Tengu Fire Elementalist began the quest for the
                  | Orb.
     0 | D:1      | Reached XP level 1. HP: 10/10 MP: 4/4
   280 | D:1      | Reached XP level 2. HP: 15/15 MP: 1/6
   609 | D:1      | Found a faded altar of an unknown god.
   924 | D:1      | Reached XP level 3. HP: 17/19 MP: 7/7
  1238 | D:2      | Found Duimpukk's Antique Armour Shop.
  1361 | D:2      | Noticed Sigmund
  1431 | D:3      | Noticed a scorpion
  1455 | D:3      | Learned a level 2 spell: Scorch
  1559 | D:3      | Reached skill level 4 in Fire Magic
  1650 | D:3      | Noticed Terence
  1688 | D:3      | Killed Terence
  1689 | D:3      | Reached XP level 4. HP: 7/24 MP: 0/8
  1803 | D:3      | Noticed Natasha
  1807 | D:3      | Killed Natasha
  1809 | D:3      | Noticed Natasha
  1834 | D:3      | Killed Natasha
  1835 | D:3      | Gained mutation: Your magical nature lets you fly swiftly
                  | and evasively. [Tengu growth]
  1835 | D:3      | Reached XP level 5. HP: 4/28 MP: 7/9
  2249 | D:3      | Reached XP level 6. HP: 32/32 MP: 1/11
  2362 | D:3      | Reached skill level 5 in Fire Magic
  2741 | D:4      | Found a staircase to the Ecumenical Temple.
  2752 | Temple   | Entered the Ecumenical Temple
  2848 | Temple   | Became a worshipper of Sif Muna the Loreminder
  3809 | D:5      | Entered Level 5 of the Dungeon
  3817 | D:5      | Noticed an orc warrior
  3936 | D:4      | Reached XP level 7. HP: 28/37 MP: 1/12
  4038 | D:5      | HP: 1/37 [orc/+0 trident (7)]
  4319 | D:5      | Reached skill level 1 in Fighting
  4376 | D:5      | Reached skill level 6 in Fire Magic
  4564 | D:5      | Identified the ring of New Discoveries {rElec rC- Slay+3
                  | SInv}
  4794 | D:5      | Reached XP level 8. HP: 44/44 MP: 8/14
  5037 | D:5      | Found a broken altar of Ashenzari.
  5071 | D:5      | Reached * piety under Sif Muna
  5325 | D:6      | Reached skill level 5 in Conjurations
  5411 | D:6      | Reached skill level 7 in Fire Magic
  5510 | D:6      | Found Fosing's Lightly-Used Armoury.
  5831 | D:6      | Found a shadowy altar of Dithmenos.
  5875 | D:6      | Reached skill level 5 in Dodging
  6170 | D:6      | Found a stormy altar of Qazlal.
  6315 | D:6      | Reached skill level 5 in Stealth
  6412 | D:6      | Reached XP level 9. HP: 37/49 MP: 11/16
  6983 | D:6      | Learned a level 3 spell: Inner Flame
  7127 | D:7      | Learned a level 1 spell: Shock
  7190 | D:7      | Reached skill level 8 in Fire Magic
  7350 | D:7      | Reached skill level 1 in Air Magic
  7549 | D:7      | Reached ** piety under Sif Muna
  7799 | D:7      | Reached skill level 1 in Hexes
  7848 | D:7      | Found an opulent altar of Gozag.
  8045 | D:8      | Found a flagged portal.
  8045 | D:8      | Noticed an unseen horror
  8189 | D:8      | Killed an unseen horror
  8210 | Bailey   | Entered a bailey
  8410 | Bailey   | Reached skill level 5 in Spellcasting
  8419 | Bailey   | Noticed a kobold demonologist
  8445 | Bailey   | Noticed a sun demon
  8461 | Bailey   | Slain by a sun demon

Illustrated notes

Levels and vault maps discovered:
D:1:      nzn_arrival_crosshair, layout_loops_ring,
          shapermc_ecumenical_altar_mp_highgroup, minmay_tetromino_t2
D:2:      layout_rooms, serial_shops, nicolae_shop_tiny_glass,
          uniq_crazy_yiuf_cottage, uniq_sigmund
D:3:      layout_basic, nrook_mini_backslash, uniq_terence, uniq_natasha
D:4:      layout_basic, minmay_temple_entry_waves, chequers_avenue
D:5:      layout_rooms, mainiacjoe_overflow_small_starburst, fountainhead,
          minmay_chambers_of_fives
D:6:      layout_layer_cave, kennysheep_mini, nicolae_qazlal_scattered_showers,
          minmay_shop_damaged, minmay_quadrilaterals
D:7:      layout_cave_pools, nicolae_gozag_cash_rules_everything_around_me
D:8:      kennysheep_seaside_town, layout_basic, lightli_temple_of_fire,
          enter_bailey_5, serial_shops, nicolae_shop_rolling_square
Temple:   jpeg_temple_clearing
Bailey:   bailey_axe_of_yendor_kennysheep, bailey

Skill      XL: |  1  2  3  4  5  6  7  8  9 |
---------------+----------------------------+-----
Conjurations   | 2 3 4 5 6 |  6.5
Fire Magic     | 4 5 6 7 8 |  8.6
Dodging        | 3 4 5 6 |  6.0
Stealth        | 3 4 5 |  5.8
Spellcasting   | 3 4 5 |  5.0
Fighting       | 1 2 3 |  3.6
Air Magic      | 2 |  2.5
Hexes          | 1 |  1.3

Action                     |  1- 3 |  4- 6 |  7- 9 || total
---------------------------+-------+-------+-------++-------
  Melee: Kick              |     6 |     9 |     8 ||    23
         Unarmed           |     1 |       |       ||     1
         Dagger            |    22 |    28 |    12 ||    62
         Peck              |     3 |     2 |     7 ||    12
         Short sword       |       |       |    12 ||    12
   Cast: Foxfire           |    55 |    35 |    90 ||   180
         Scorch            |     6 |    32 |    92 ||   130
         Shock             |       |       |     3 ||     3
    Use: Scroll            |     3 |     2 |     5 ||    10
         Potion            |       |     1 |       ||     1
   Stab: Sleeping          |       |     1 |       ||     1
 Armour: Robe              |     9 |     9 |     4 ||    22
  Dodge: Dodged            |    37 |    34 |    82 ||   153
